Map: Eternal Empire LE

Players

Furis - Winner!

  • Race: Zerg Zerg
  • League: Diamond
  • Spawn Location: 1:00

Fox

  • Race: Protoss Protoss
  • League: Diamond
  • Spawn Location: 7:00

VOD

Have the link to the VOD?

Description

Time

  • Played on: May 12, 2020, 6:52 p.m.
  • Length: 5:22
Show
View Real Time Build Order
Export as new Build Order

Furis Zerg - Winner!

Build Orders: Hatch First 

Get SALT Encoding   

  12  0:01  Drone  
  13  0:12  Overlord  
  13  0:16  Drone  
  14  0:30  Drone  
  14  0:31  Drone  
  16  0:51  Hatchery  
  16  0:53  Drone  
  16  0:57  Drone  
  16  1:00  Extractor  
  16  1:07  Drone  
  17  1:21  Spawning Pool  
  17  1:22  Drone  
  17  1:26  Drone  
  17  1:30  Drone  
  19  1:39  Drone  
  20  1:49  Overlord  
  20  2:04  Drone x2  
  22  2:09  Queen x2  
  22  2:14  Zergling x2  
  28  2:15  Zergling x2  
  28  2:21  Metabolic Boost  
  28  2:24  Drone  
  28  2:27  Drone  
  30  2:32  Drone  
  30  2:35  Drone  
  32  2:43  Drone  
  33  2:46  Drone  
  34  2:59  Overlord  
  34  3:05  Hatchery  
  33  3:13  Zergling x6  
  33  3:18  Overlord  
  36  3:20  Zergling x4  
  36  3:21  Zergling x6  
  41  3:29  Zergling x6  
  44  3:41  Zergling x4  
  46  3:51  Overlord x2  
  46  3:52  Zergling x2  
  46  3:53  Zergling x8  
  51  4:00  Zergling x2  
  50  4:13  Zergling x6  
  49  4:25  Zergling x12  
  49  4:26  Zergling x4  
  49  4:28  Zergling x4  
  58  4:33  Zergling x2  
  57  4:39  Zergling x2  
  57  4:40  Zergling x2  
Show
View Real Time Build Order
Export as new Build Order

Fox Protoss 

Build Orders: 1 Gate Expand, Blink Stalkers 

Get SALT Encoding   

  12  0:01  Probe  
  13  0:13  Probe  
  14  0:20  Pylon  
  14  0:25  Probe  
  15  0:38  Probe (Chrono Boost)  
  16  0:43  Gateway  
  16  0:47  Probe (Chrono Boost)  
  17  0:51  Assimilator  
  17  0:52  Probe (Chrono Boost)  
  18  1:04  Probe  
  19  1:16  Probe  
  20  1:29  Nexus  
  20  1:38  Cybernetics Core  
  20  1:41  Probe  
  21  1:50  Assimilator  
  21  1:53  Probe  
  22  1:54  Pylon  
  22  2:05  Probe  
  23  2:12  Adept (Chrono Boost)  
  23  2:14  Warp Gate  
  25  2:17  Probe  
  26  2:27  Twilight Council  
  26  2:29  Probe  
  27  2:35  Adept (Chrono Boost)  
  29  2:41  Probe  
  29  2:42  Probe  
  31  2:52  Gateway  
  31  2:53  Probe  
  31  2:55  Probe  
  33  3:00  Blink (Chrono Boost)  
  33  3:08  Probe (Chrono Boost)  
  33  3:11  Probe (Chrono Boost)  
  37  3:20  Pylon  
  37  3:21  Probe (Chrono Boost)  
  37  3:22  Probe (Chrono Boost)  
  37  3:28  Gateway  
  37  3:29  Probe  
  37  3:30  Probe  
  37  3:34  Stalker  
  41  3:41  Probe  
  42  3:42  Probe  
  42  3:46  Gateway  
  43  3:53  Pylon, Probe  
  43  3:54  Probe  
  45  4:01  Gateway  
  45  4:04  Stalker  
  45  4:05  Probe  
  45  4:06  Probe  
  47  4:15  Pylon  
  47  4:17  Stalker  
  49  4:26  Shield Battery x2  
  47  4:34  Pylon  
  47  4:35  Pylon  
  47  4:39  Probe x2  
  47  4:40  Stalker  
  51  4:59  Zealot  
  52  5:00  Zealot  
  52  5:01  Probe  
  52  5:06  Gateway  
  49  5:07  Zealot  
Tags
 
Add a new tag
Caveats
  • Supply blocks, unpowered buildings, or Contaminate may cause inaccurate times.
  • Supply counts are checked every 10 seconds.